 Dungeon Crawl Stone Soup version 0.29.0-4-gdea44cf6ec (webtiles) character file.

Game seed: 3767972848785756536

7448 qw the Severer (level 10, -9/121 (135) HPs)
             Began as a Minotaur Berserker on Sept 9, 2022.
             Was a High Priest of Trog.
             Mangled by a spectral orc knight
             ... wielding a +0 great mace
             ... summoned by Nergalle
              (11 damage)
             ... on level 10 of the Dungeon.
             The game lasted 00:03:58 (10265 turns).

qw the Severer (Minotaur Berserker)                Turns: 10265, Time: 00:03:59

HP:   -9/121 (135)  AC: 14    Str: 26    XL:     10   Next: 93%
MP:   0/9           EV: 10    Int:  4    God:    Trog [*****.]
Gold: 374           SH: 10    Dex: 10    Spells: 9/9 levels left

rFire   . . .      SeeInvis +   s - +1 broad axe (spect)
rCold   . . .      Faith    .   u - +0 kite shield
rNeg    . . .      Spirit   +   t - +0 plate armour
rPois   .          Reflect  .   (helmet restricted)
rElec   .          Harm     .   d - scarf {repulsion}
rCorr   .          Rampage  .   (no gloves)
Will    .....                   e - +0 pair of boots
Stlth   ..........              k - amulet of guardian spirit
HPRegen 0.30/turn               l - ring of see invisible
MPRegen 0.11/turn               c - +4 ring of evasion

@: berserking, heavily drained, repel missiles, very quick
A: horns 2, retaliatory headbutt
a: Renounce Religion, Berserk, Trog's Hand, Brothers in Arms


You were on level 10 of the Dungeon.
You worshipped Trog.
Trog was extremely pleased with you.
You visited 1 branch of the dungeon, and saw 10 of its levels.

You collected 476 gold pieces.
You spent 102 gold pieces at shops.


Innate Abilities, Weirdness & Mutations

You have a pair of horns on your head.
You reflexively headbutt those who attack you in melee.


   Skills:
 - Level 8.7 Fighting
 - Level 15.0 Axes
 - Level 1.1 Throwing
 - Level 7.8 Armour
 - Level 2.1 Dodging
 + Level 8.1 Shields


You had 9 spell levels left.
You didn't know any spells.
Your spell library was empty.

Inventory:

Hand Weapons
 i - a +0 war axe of flaming
 s - a +1 spectral broad axe (weapon)
Armour
 d - a scarf of repulsion (worn)
 e - a +0 pair of boots (worn)
 t - a +0 plate armour (worn)
 u - a +0 kite shield (worn)
Jewellery
 c - a +4 ring of evasion (right hand)
 k - an amulet of guardian spirit (around neck)
 l - a ring of see invisible (left hand)
 o - a ring of fire
 p - a ring of positive energy
 Y - a ring of resist corrosion
Scrolls
 a - a scroll of identify
Potions
 b - a potion of heal wounds
 f - 4 potions of cancellation
 g - 2 potions of haste
 h - a potion of resistance
 j - 7 potions of curing
 m - 4 potions of mutation
 q - a potion of might {unknown}

Dungeon Overview and Level Annotations

Branches:
Dungeon (10/15)            Temple (0/1) D:7
   Lair: D:8-11         Orc: D:9-12

Altars:
Ashenzari
Elyvilon
Nemelex Xobeh
Okawaru
Ru
Trog
Wu Jian
Xom
Yredelemnul
The Shining One

Shops:
D:4 [[[*

Annotations:
D:8 1 runed translucent door, qw's ghost, novice DsCA
D:9 2 transporters, qw's ghost, journeyman TrCA
D:10 Nergalle


Message History

You destroy the spectral orc warrior!
The spectral orc warrior disappears in a puff of smoke!
Your +1 spectral broad axe hits the spectral orc knight but does no damage.
The spectral orc knight hits you but does no damage.
You block the spectral orc knight's attack.
You slash the spectral orc knight!
The spectral orc knight is severely damaged.
You slash the spectral orc knight! You barely miss the kobold skeleton.
Your +1 spectral broad axe hits the spectral orc knight!!
Your +1 spectral broad axe hits the kobold skeleton!
You destroy the kobold skeleton!
Trog accepts your kill.
Your +1 spectral broad axe hits the spectral orc knight.
The spectral orc knight hits your +1 spectral broad axe with a +0 long sword!
Your spectral weapon shares its damage with you!
The spectral orc knight hits your +1 spectral broad axe with a +0 long sword.
Your spectral weapon shares its damage with you!
The spectral orc knight hits you with a +0 great mace.
You feel drained.
You hit the spectral orc knight.
The spectral orc knight is almost destroyed.
You catch the helpless spectral orc knight completely off-guard!
You hit the spectral orc knight but do no damage.
Your +1 spectral broad axe hits the spectral orc knight!
Your +1 spectral broad axe hits the spectral orc knight but does no damage.
The spectral orc knight hits you with a +0 long sword!
A kobold comes into view. It is wielding a +0 short sword.
The spectral orc knight hits you with a +0 great mace!
10265 ||| INVOKING Berserk.
A red film seems to cover your vision as you go berserk!
You feel yourself moving faster!
You feel mighty!
The spectral orc knight hits you with a +0 long sword.
Nergalle points at you and mumbles some strange words.
The bolt of negative energy hits you!!
You feel drained.
The bolt of negative energy hits the spectral orc knight.
The spectral orc knight completely resists.
The spectral orc knight barely misses you.
The spectral orc knight hits you with a +0 great mace!!
You feel drained.
You die...

#..###.# ..#..8...8..#.. #.##
##. ..#.....K...#.. #.# #.
.'.........'. #.## ##.
#.....Z...# ##.###..
######....Z....#######...##
###....#....o....#....#.).###
#.)....##..¤)Z..##)##.#.###
#.#.....###'@'###)(##K#.##
#.##......8)Z.8((..##....##
#.####.#....¤....#.##.###.##
#.# #........####.#.## ##.##
#.#.# ########## #...# #.)[
#.#.# ###.## ##... #.#.#
##.###.#.# #.#.# #.......#
#.#.# ##...##.#


You could see Nergalle, 2 spectral orc knights, 2 kobold zombies and a kobold.

Vanquished Creatures
  Harold (D:10)
  A two-headed ogre (D:10)
  A gargoyle (D:9)
  A kobold demonologist (D:10)
  Grinder (D:4)
  Prince Ribbit (D:8)
  Sigmund (D:2)
  A wraith (D:9)
  11 yaks (D:10)
  A water moccasin (D:8)
  2 orc warriors
  A sky beast (D:5)
  3 ice beasts
  3 centaurs
  3 phantoms
  9 kobold brigands (D:10)
  3 bullfrogs
  A gnoll sergeant (D:7)
  2 scorpions
  A necrophage (D:7)
  5 killer bees (D:9)
  2 howler monkeys (D:10)
  5 orc priests
  4 hounds
  3 iguanas
  9 orc wizards
  Robin (D:2)
  9 adders
  4 gnolls (D:7)
  2 shadow imps (D:10)
  2 white imps
  3 worms (D:3)
  2 dart slugs
  31 orcs
  5 ball pythons
  9 bats
  9 endoplasms
  A giant cockroach (D:1)
  15 goblins
  9 hobgoblins
  8 jackals
  2 quokkas
  4 frilled lizards
  39 kobolds
  8 kobold skeletons (D:10)
  7 kobold zombies (D:10)
  7 rats
253 creatures vanquished.

Vanquished Creatures (others)
  A fungus (D:1)
1 creature vanquished.

Grand Total: 254 creatures vanquished

Notes
Turn   | Place    | Note
-------+----------+-------------------------------------------
     0 | D:1      | qw the Minotaur Berserker began the quest for the Orb.
     0 | D:1      | Reached XP level 1. HP: 19/19 MP: 0/0
     0 | D:1      | 0 ||| qw: Version: 0.1-a-113-g051387a
     0 | D:1      | 0 ||| qw: Game counter: 7102
     0 | D:1      | 0 ||| qw: Always use a shield: true
     0 | D:1      | 0 ||| qw: Do Orc after D:15 true
     0 | D:1      | 0 ||| qw: Do second Lair branch before Depths: true
     0 | D:1      | 0 ||| qw: Lair rune preference: random
     0 | D:1      | 0 ||| qw: Plans: Normal
     0 | D:1      | 0 ||| PLANNING D:1-11
    99 | D:1      | Reached skill level 4 in Axes
   114 | D:1      | Reached XP level 2. HP: 20/26 MP: 1/1
   661 | D:1      | Reached skill level 5 in Axes
   711 | D:1      | Found a faded altar of an unknown god.
   766 | D:1      | Reached ** piety under Trog
   857 | D:1      | Reached XP level 3. HP: 31/31 MP: 2/2
   907 | D:1      | 907 ||| Stepping ~*~*~tactically~*~*~ (stealth).
   908 | D:1      | 908 ||| Stepping ~*~*~tactically~*~*~ (stealth).
   934 | D:1      | 934 ||| DROPPING +0 whip.
  1028 | D:1      | 1028 ||| UPGRADING to +0 leather armour.
  1038 | D:1      | 1038 ||| DROPPING +0 animal skin.
  1061 | D:1      | 1061 ||| UPGRADING to ring of positive energy.
  1069 | D:1      | 1069 ||| READING 2 scrolls labelled ASINKI VEXAE.
  1071 | D:1      | Found an ornate altar of the Wu Jian Council.
  1075 | D:1      | 1075 ||| READING scroll labelled BESTAEN HYEGU.
  1080 | D:1      | 1080 ||| READING scroll labelled CYCAOKHOACK.
  1097 | D:2      | 1097 ||| Stepping ~*~*~tactically~*~*~ (stealth).
  1098 | D:2      | 1098 ||| Stepping ~*~*~tactically~*~*~ (stealth).
  1100 | D:2      | 1100 ||| Stepping ~*~*~tactically~*~*~ (stealth).
  1152 | D:2      | 1152 ||| Stepping ~*~*~tactically~*~*~ (stealth).
  1153 | D:2      | 1153 ||| Stepping ~*~*~tactically~*~*~ (stealth).
  1155 | D:2      | 1155 ||| Stepping ~*~*~tactically~*~*~ (stealth).
  1192 | D:2      | 1192 ||| Stepping ~*~*~tactically~*~*~ (stealth).
  1251 | D:2      | 1251 ||| Stepping ~*~*~tactically~*~*~ (stealth).
  1257 | D:2      | 1257 ||| Stepping ~*~*~tactically~*~*~ (stealth).
  1261 | D:2      | 1261 ||| Stepping ~*~*~tactically~*~*~ (stealth).
  1311 | D:2      | 1311 ||| Stepping ~*~*~tactically~*~*~ (stealth).
  1485 | D:2      | 1485 ||| Stepping ~*~*~tactically~*~*~ (stealth).
  1486 | D:2      | 1486 ||| Stepping ~*~*~tactically~*~*~ (stealth).
  1550 | D:2      | 1550 ||| Stepping ~*~*~tactically~*~*~ (stealth).
  1551 | D:2      | 1551 ||| Stepping ~*~*~tactically~*~*~ (stealth).
  1798 | D:2      | 1798 ||| Stepping ~*~*~tactically~*~*~ (stealth).
  1802 | D:2      | 1802 ||| Stepping ~*~*~tactically~*~*~ (stealth).
  1834 | D:2      | Noticed Sigmund
  1834 | D:2      | Noticed Robin
  1835 | D:2      | 1835 ||| Stepping ~*~*~tactically~*~*~ (hiding).
  1838 | D:2      | 1838 ||| INVOKING Berserk.
  1843 | D:2      | Killed Sigmund
  1844 | D:2      | Reached skill level 7 in Axes
  1844 | D:2      | Reached XP level 4. HP: 39/39 MP: 3/3
  1844 | D:2      | Reached XP level 5. HP: 45/45 MP: 4/4
  1854 | D:2      | Killed Robin
  1854 | D:2      | Reached *** piety under Trog
  1939 | D:2      | 1939 ||| DROPPING orb of mayhem.
  1940 | D:2      | 1940 ||| UPGRADING to +0 ring mail.
  1950 | D:2      | 1950 ||| DROPPING +0 leather armour.
  1951 | D:2      | 1951 ||| UPGRADING to amulet of guardian spirit.
  1956 | D:2      | 1956 ||| READING scroll labelled DUMEINWOETA.
  1957 | D:2      | 1957 ||| READING scroll labelled UNAUHE ADINK.
  1958 | D:2      | 1958 ||| READING 2 scrolls of identify.
  1958 | D:2      | 1958 ||| IDENTIFYING fuming clear potion
  1959 | D:2      | 1959 ||| DROPPING potion of degeneration.
  2017 | D:3      | 2017 ||| STAIRDANCE
  2044 | D:3      | 2044 ||| STAIRDANCE
  2113 | D:3      | Found a sacrificial altar of Ru.
  2131 | D:3      | 2131 ||| Stepping ~*~*~tactically~*~*~ (stealth).
  2133 | D:3      | 2133 ||| Stepping ~*~*~tactically~*~*~ (stealth).
  2134 | D:3      | 2134 ||| INVOKING Berserk.
  2139 | D:3      | Reached skill level 8 in Axes
  2139 | D:3      | Reached XP level 6. HP: 52/52 MP: 5/5
  2180 | D:3      | 2180 ||| Stepping ~*~*~tactically~*~*~ (stealth).
  2181 | D:3      | 2181 ||| Stepping ~*~*~tactically~*~*~ (stealth).
  2194 | D:3      | Found a white marble altar of Elyvilon.
  2444 | D:3      | 2444 ||| Stepping ~*~*~tactically~*~*~ (hiding).
  2713 | D:3      | 2713 ||| READING scroll of enchant weapon.
  2713 | D:3      | 2713 ||| ENCHANTING +1 hand axe.
  2753 | D:3      | Found a glowing golden altar of the Shining One.
  2800 | D:3      | 2800 ||| UPGRADING to +4 ring of evasion.
  2801 | D:3      | 2801 ||| READING 2 scrolls labelled YHOWISTRU LAIKK.
  2802 | D:3      | 2802 ||| DRINKING 2 glowing yellow potions.
  2803 | D:3      | 2803 ||| DRINKING 2 smoky amethyst potions.
  2804 | D:3      | 2804 ||| READING 2 scrolls of identify.
  2804 | D:3      | 2804 ||| IDENTIFYING fuming white potion
  2805 | D:3      | 2805 ||| DROPPING scroll of noise.
  2806 | D:3      | 2806 ||| DROPPING potion of attraction.
  2830 | D:4      | 2830 ||| STAIRDANCE
  3049 | D:4      | Noticed Grinder
  3050 | D:4      | 3050 ||| Stepping ~*~*~tactically~*~*~ (hiding).
  3057 | D:4      | 3057 ||| INVOKING Trog's Hand.
  3060 | D:4      | 3060 ||| INVOKING Berserk.
  3069 | D:4      | Killed Grinder
  3070 | D:4      | Reached skill level 9 in Axes
  3070 | D:4      | Reached XP level 7. HP: 59/59 MP: 4/6
  3223 | D:4      | 3223 ||| Stepping ~*~*~tactically~*~*~ (stealth).
  3322 | D:4      | Found Buyblab's Antique Armour Shop.
  3328 | D:4      | 3328 ||| BUYING chain mail (76 gold).
  3328 | D:4      | Bought a chain mail for 76 gold pieces
  3328 | D:4      | 3328 ||| SHOPLISTING cloak (76 gold, have 67).
  3344 | D:4      | 3344 ||| DROPPING +0 flail.
  3387 | D:4      | Found Appepiott's General Store.
  3393 | D:4      | 3393 ||| SHOPLISTING +2 hat (208 gold, have 67).
  3393 | D:4      | 3393 ||| BUYING scroll of identify (26 gold).
  3393 | D:4      | Bought a scroll of identify for 26 gold pieces
  3400 | D:4      | Identified the +3 dagger of the Crawling Thing {spect, rC+}
  3487 | D:4      | 3487 ||| READING scroll of enchant weapon.
  3487 | D:4      | 3487 ||| ENCHANTING +2 hand axe.
  3608 | D:4      | Found Ummeeloe's Armour Emporium.
  3611 | D:4      | 3611 ||| SHOPLISTING +3 chain mail of willpower (265 gold,
                  | have 58).
  3774 | D:4      | Found Roxebe's Armour Emporium.
  3782 | D:4      | 3782 ||| SHOPLISTING +0 pair of gloves of Exclusion
                  | {Rampage MP+9} (364 gold, have 58).
  3782 | D:4      | 3782 ||| SHOPLISTING +10 tower shield of Ignorance {rN+
                  | Int-4} (687 gold, have 58).
  3782 | D:4      | 3782 ||| SHOPLISTING +2 chain mail of fire resistance (258
                  | gold, have 58).
  3838 | D:4      | 3838 ||| Stepping ~*~*~tactically~*~*~ (stealth).
  3874 | D:4      | 3874 ||| SWAPPING to +2 hand axe of electrocution.
  3875 | D:4      | 3875 ||| DROPPING +3 hand axe.
  3877 | D:4      | 3877 ||| UPGRADING to +0 pair of boots.
  3882 | D:4      | 3882 ||| UPGRADING to +0 chain mail.
  3892 | D:4      | 3892 ||| DROPPING +0 ring mail.
  3893 | D:4      | 3893 ||| READING scroll labelled VAVADU SITTOCK.
  3894 | D:4      | 3894 ||| READING scroll labelled JUEZXO ITAUCW.
  3895 | D:4      | 3895 ||| READING 3 scrolls of identify.
  3895 | D:4      | 3895 ||| IDENTIFYING smoky silvery potion
  3896 | D:4      | 3896 ||| READING 2 scrolls of identify.
  3896 | D:4      | 3896 ||| IDENTIFYING bubbling sapphire potion
  3897 | D:4      | 3897 ||| DROPPING potion of flight.
  3947 | D:5      | Entered Level 5 of the Dungeon
  4025 | D:5      | Reached skill level 3 in Armour
  4036 | D:5      | 4036 ||| Stepping ~*~*~tactically~*~*~ (hiding).
  4037 | D:5      | 4037 ||| Stepping ~*~*~tactically~*~*~ (hiding).
  4043 | D:5      | Reached **** piety under Trog
  4044 | D:5      | Reached skill level 10 in Axes
  4053 | D:5      | Reached skill level 1 in Throwing
  4232 | D:5      | 4232 ||| Stepping ~*~*~tactically~*~*~ (hiding).
  4233 | D:5      | 4233 ||| Stepping ~*~*~tactically~*~*~ (hiding).
  4235 | D:5      | 4235 ||| Stepping ~*~*~tactically~*~*~ (hiding).
  4246 | D:5      | Reached skill level 6 in Fighting
  4246 | D:5      | Reached XP level 8. HP: 62/70 MP: 7/7
  4307 | D:5      | 4307 ||| Stepping ~*~*~tactically~*~*~ (hiding).
  4315 | D:5      | 4315 ||| INVOKING Berserk.
  4457 | D:5      | Found a sparkling altar of Nemelex Xobeh.
  4670 | D:5      | 4670 ||| UPGRADING to scarf of repulsion.
  4761 | D:5      | You fall into a shaft and drop 3 floors!
  4764 | D:8      | 4764 ||| READING scroll labelled FALIRH PUMMUHO.
  4767 | D:8      | 4767 ||| DRINKING 2 green potions.
  4768 | D:8      | 4768 ||| READING 2 scrolls of identify.
  4768 | D:8      | 4768 ||| IDENTIFYING metallic blue potion
  4769 | D:8      | 4769 ||| DROPPING potion of magic.
  4798 | D:8      | Reached skill level 11 in Axes
  4896 | D:7      | Found a basalt altar of Yredelemnul.
  4939 | D:7      | 4939 ||| READING scroll labelled LIPHUORAPIY.
  4968 | D:6      | 4968 ||| Stepping ~*~*~tactically~*~*~ (hiding).
  4972 | D:6      | 4972 ||| INVOKING Berserk.
  5292 | D:6      | 5292 ||| STAIRDANCE
  5391 | D:6      | 5391 ||| Stepping ~*~*~tactically~*~*~ (hiding).
  5518 | D:6      | Reached skill level 12 in Axes
  5939 | D:6      | 5939 ||| UPGRADING to +0 buckler.
  5944 | D:6      | 5944 ||| UPGRADING to ring of resist corrosion.
  5946 | D:6      | 5946 ||| READING scroll labelled USTRE SOVANOFOTS.
  5980 | D:7      | Reached skill level 1 in Shields
  6041 | D:7      | Identified the +7 falchion "Ustromoll" {flame, rElec Will+
                  | Stlth+}
  6058 | D:7      | 6058 ||| SWAPPING to +0 war axe.
  6069 | D:7      | 6069 ||| DROPPING +2 hand axe of electrocution.
  6183 | D:7      | 6183 ||| Stepping ~*~*~tactically~*~*~ (stealth).
  6185 | D:7      | 6185 ||| Stepping ~*~*~tactically~*~*~ (stealth).
  6187 | D:7      | 6187 ||| Stepping ~*~*~tactically~*~*~ (stealth).
  6203 | D:7      | 6203 ||| INVOKING Berserk.
  6209 | D:7      | Reached skill level 3 in Shields
  6377 | D:7      | 6377 ||| Stepping ~*~*~tactically~*~*~ (stealth).
  6379 | D:7      | 6379 ||| Stepping ~*~*~tactically~*~*~ (hiding).
  6387 | D:7      | Found a staircase to the Ecumenical Temple.
  6391 | D:7      | 6391 ||| INVOKING Berserk.
  6397 | D:7      | Reached XP level 9. HP: 50/75 MP: 4/8
  6789 | D:7      | 6789 ||| UPGRADING to +0 plate armour.
  6799 | D:7      | 6799 ||| DROPPING +0 chain mail.
  6800 | D:7      | 6800 ||| DROPPING ring of magical power.
  6801 | D:7      | 6801 ||| READING 2 scrolls labelled ADOS YNUKU.
  6802 | D:7      | 6802 ||| READING scroll of brand weapon.
  6802 | D:7      | 6802 ||| BRANDING +0 vorpal war axe.
  6803 | D:7      | 6803 ||| DROPPING +0 morningstar.
  6804 | D:7      | 6804 ||| READING 3 scrolls of identify.
  6804 | D:7      | 6804 ||| IDENTIFYING emerald potion
  6805 | D:7      | 6805 ||| READING 2 scrolls of identify.
  6805 | D:7      | 6805 ||| IDENTIFYING white potion
  6821 | D:8      | 6821 ||| DRINKING 6 potions of curing.
  6821 | D:8      | 6821 ||| (to cure confusion)
  6822 | D:8      | 6822 ||| Stepping ~*~*~tactically~*~*~ (hiding).
  6861 | D:8      | Found a runed translucent door.
  6861 | D:8      | Found a shimmering altar of Xom.
  6861 | D:8      | Noticed qw's ghost (novice DsCA)
  6861 | D:8      | Noticed a +1 trident of chaos
  7053 | D:8      | Found an iron altar of Okawaru.
  7074 | D:8      | 7074 ||| Stepping ~*~*~tactically~*~*~ (hiding).
  7076 | D:8      | 7076 ||| Stepping ~*~*~tactically~*~*~ (hiding).
  7155 | D:8      | 7155 ||| SWAPPING to +0 broad axe.
  7165 | D:8      | Noticed Prince Ribbit
  7168 | D:8      | 7168 ||| INVOKING Berserk.
  7174 | D:8      | Killed Prince Ribbit
  7175 | D:8      | Reached skill level 6 in Armour
  7450 | D:8      | 7450 ||| Stepping ~*~*~tactically~*~*~ (hiding).
  7454 | D:8      | 7454 ||| INVOKING Berserk.
  7730 | D:8      | 7730 ||| READING 2 scrolls of identify.
  7730 | D:8      | 7730 ||| IDENTIFYING bubbling amethyst potion
  7731 | D:8      | 7731 ||| DROPPING potion of lignification.
  7755 | D:9      | Noticed a moth of wrath
  7755 | D:9      | Found a transporter.
  7757 | D:9      | Noticed a deep troll
  7758 | D:9      | Noticed qw's ghost (journeyman TrCA)
  7811 | D:9      | Found a bloodstained altar of Trog.
  7853 | D:9      | 7853 ||| Stepping ~*~*~tactically~*~*~ (hiding).
  7859 | D:9      | 7859 ||| INVOKING Berserk.
  7878 | D:9      | Reached skill level 13 in Axes
  7879 | D:9      | HP: 16/79 [poisoned by a killer bee]
  7880 | D:9      | 7880 ||| READING scroll of teleportation.
  7881 | D:9      | 7881 ||| DRINKING 3 potions of heal wounds.
  7883 | D:9      | 7883 ||| DRINKING 2 potions of heal wounds.
  7967 | D:9      | 7967 ||| Stepping ~*~*~tactically~*~*~ (stealth).
  7983 | D:9      | 7983 ||| FLEEEEING.
  7984 | D:9      | 7984 ||| FLEEEEING.
  7985 | D:9      | 7985 ||| DRINKING 7 potions of curing.
  7985 | D:9      | 7985 ||| (to cure confusion)
  7986 | D:9      | 7986 ||| FLEEEEING.
  7987 | D:9      | 7987 ||| FLEEEEING.
  7988 | D:9      | 7988 ||| FLEEEEING.
  7989 | D:9      | 7989 ||| STAIRDANCE
  8122 | D:8      | 8122 ||| READING scroll labelled PAJEKY ORUN.
  8249 | D:9      | Found a transporter.
  8288 | D:9      | 8288 ||| FLEEEEING.
  8289 | D:9      | 8289 ||| FLEEEEING.
  8290 | D:9      | 8290 ||| FLEEEEING.
  8291 | D:9      | 8291 ||| FLEEEEING.
  8292 | D:9      | 8292 ||| FLEEEEING.
  8293 | D:9      | 8293 ||| DRINKING 8 potions of curing.
  8293 | D:9      | 8293 ||| (to cure confusion)
  8443 | D:9      | 8443 ||| READING scroll of enchant weapon.
  8443 | D:9      | 8443 ||| ENCHANTING +0 broad axe.
  8481 | D:9      | 8481 ||| Stepping ~*~*~tactically~*~*~ (hiding).
  8482 | D:9      | 8482 ||| Stepping ~*~*~tactically~*~*~ (hiding).
  8589 | D:9      | Found a broken altar of Ashenzari.
  8714 | D:9      | Noticed a gargoyle
  8720 | D:9      | Killed a gargoyle
  8721 | D:9      | Reached skill level 6 in Shields
  8848 | D:9      | 8848 ||| UPGRADING to ring of see invisible.
  8860 | D:10     | Entered Level 10 of the Dungeon
  8889 | D:10     | 8889 ||| Stepping ~*~*~tactically~*~*~ (stealth).
  8890 | D:10     | 8890 ||| Stepping ~*~*~tactically~*~*~ (stealth).
  8893 | D:10     | 8893 ||| Stepping ~*~*~tactically~*~*~ (stealth).
  8943 | D:10     | 8943 ||| Stepping ~*~*~tactically~*~*~ (stealth).
  8944 | D:10     | 8944 ||| Stepping ~*~*~tactically~*~*~ (stealth).
  8951 | D:10     | Reached XP level 10. HP: 79/88 MP: 7/9
  8955 | D:10     | 8955 ||| INVOKING Berserk.
  8967 | D:10     | Reached skill level 14 in Axes
  9284 | D:10     | Noticed a two-headed ogre
  9287 | D:10     | 9287 ||| Stepping ~*~*~tactically~*~*~ (stealth).
  9289 | D:10     | 9289 ||| INVOKING Berserk.
  9291 | D:10     | Killed a two-headed ogre
  9406 | D:10     | 9406 ||| Stepping ~*~*~tactically~*~*~ (stealth).
  9425 | D:10     | 9425 ||| FLEEEEING.
  9426 | D:10     | 9426 ||| FLEEEEING.
  9427 | D:10     | 9427 ||| FLEEEEING.
  9428 | D:10     | 9428 ||| FLEEEEING.
  9429 | D:10     | 9429 ||| FLEEEEING.
  9430 | D:10     | 9430 ||| FLEEEEING.
  9431 | D:10     | 9431 ||| FLEEEEING.
  9432 | D:10     | 9432 ||| FLEEEEING.
  9433 | D:10     | 9433 ||| FLEEEEING.
  9434 | D:10     | 9434 ||| FLEEEEING.
  9435 | D:10     | 9435 ||| FLEEEEING.
  9484 | D:10     | 9484 ||| Stepping ~*~*~tactically~*~*~ (stealth).
  9518 | D:10     | 9518 ||| Stepping ~*~*~tactically~*~*~ (stealth).
  9526 | D:10     | 9526 ||| Stepping ~*~*~tactically~*~*~ (stealth).
  9531 | D:10     | 9531 ||| Stepping ~*~*~tactically~*~*~ (stealth).
  9536 | D:10     | 9536 ||| Stepping ~*~*~tactically~*~*~ (stealth).
  9545 | D:10     | Reached ***** piety under Trog
  9549 | D:10     | 9549 ||| Stepping ~*~*~tactically~*~*~ (stealth).
  9562 | D:10     | 9562 ||| Stepping ~*~*~tactically~*~*~ (stealth).
  9564 | D:10     | 9564 ||| Stepping ~*~*~tactically~*~*~ (stealth).
  9570 | D:10     | 9570 ||| Stepping ~*~*~tactically~*~*~ (stealth).
  9581 | D:10     | 9581 ||| Stepping ~*~*~tactically~*~*~ (stealth).
  9582 | D:10     | 9582 ||| Stepping ~*~*~tactically~*~*~ (stealth).
  9593 | D:10     | 9593 ||| Stepping ~*~*~tactically~*~*~ (stealth).
  9596 | D:10     | 9596 ||| Stepping ~*~*~tactically~*~*~ (stealth).
  9600 | D:10     | 9600 ||| Stepping ~*~*~tactically~*~*~ (hiding).
  9602 | D:10     | 9602 ||| Stepping ~*~*~tactically~*~*~ (hiding).
  9608 | D:10     | Reached skill level 15 in Axes
  9623 | D:10     | 9623 ||| Stepping ~*~*~tactically~*~*~ (stealth).
  9624 | D:10     | 9624 ||| Stepping ~*~*~tactically~*~*~ (stealth).
  9626 | D:10     | 9626 ||| Stepping ~*~*~tactically~*~*~ (hiding).
  9628 | D:10     | 9628 ||| Stepping ~*~*~tactically~*~*~ (hiding).
  9640 | D:10     | 9640 ||| Stepping ~*~*~tactically~*~*~ (stealth).
  9648 | D:10     | 9648 ||| Stepping ~*~*~tactically~*~*~ (stealth).
  9673 | D:10     | 9673 ||| FLEEEEING.
  9674 | D:10     | 9674 ||| FLEEEEING.
  9675 | D:10     | 9675 ||| FLEEEEING.
  9739 | D:10     | 9739 ||| Stepping ~*~*~tactically~*~*~ (stealth).
  9744 | D:10     | 9744 ||| Stepping ~*~*~tactically~*~*~ (stealth).
  9750 | D:10     | 9750 ||| Stepping ~*~*~tactically~*~*~ (stealth).
  9754 | D:10     | 9754 ||| Stepping ~*~*~tactically~*~*~ (stealth).
  9761 | D:10     | 9761 ||| Stepping ~*~*~tactically~*~*~ (stealth).
  9762 | D:10     | 9762 ||| Stepping ~*~*~tactically~*~*~ (stealth).
  9764 | D:10     | Noticed Nergalle
  9765 | D:10     | 9765 ||| Stepping ~*~*~tactically~*~*~ (stealth).
  9790 | D:10     | 9790 ||| Stepping ~*~*~tactically~*~*~ (stealth).
  9792 | D:10     | 9792 ||| Stepping ~*~*~tactically~*~*~ (stealth).
  9806 | D:10     | 9806 ||| Stepping ~*~*~tactically~*~*~ (stealth).
  9807 | D:10     | 9807 ||| FLEEEEING.
  9808 | D:10     | 9808 ||| FLEEEEING.
  9809 | D:10     | 9809 ||| FLEEEEING.
  9810 | D:10     | 9810 ||| FLEEEEING.
  9816 | D:10     | 9816 ||| FLEEEEING.
  9818 | D:10     | 9818 ||| FLEEEEING.
  9819 | D:10     | 9819 ||| FLEEEEING.
  9821 | D:10     | 9821 ||| STAIRDANCE
 10004 | D:9      | 10004 ||| UPGRADING to +0 kite shield.
 10014 | D:9      | 10014 ||| DROPPING +0 buckler.
 10020 | D:10     | 10020 ||| Stepping ~*~*~tactically~*~*~ (stealth).
 10039 | D:10     | 10039 ||| Stepping ~*~*~tactically~*~*~ (stealth).
 10040 | D:10     | 10040 ||| Stepping ~*~*~tactically~*~*~ (stealth).
 10041 | D:10     | 10041 ||| Stepping ~*~*~tactically~*~*~ (stealth).
 10042 | D:10     | 10042 ||| Stepping ~*~*~tactically~*~*~ (stealth).
 10052 | D:10     | 10052 ||| Stepping ~*~*~tactically~*~*~ (stealth).
 10053 | D:10     | 10053 ||| Stepping ~*~*~tactically~*~*~ (stealth).
 10054 | D:10     | 10054 ||| Stepping ~*~*~tactically~*~*~ (stealth).
 10066 | D:10     | 10066 ||| Stepping ~*~*~tactically~*~*~ (stealth).
 10086 | D:10     | 10086 ||| READING scroll of brand weapon.
 10086 | D:10     | 10086 ||| BRANDING +1 broad axe.
 10130 | D:10     | 10130 ||| Stepping ~*~*~tactically~*~*~ (stealth).
 10131 | D:10     | 10131 ||| Stepping ~*~*~tactically~*~*~ (stealth).
 10142 | D:10     | Noticed Harold
 10144 | D:10     | 10144 ||| INVOKING Berserk.
 10149 | D:10     | Killed Harold
 10149 | D:10     | Received a gift from Trog
 10265 | D:10     | 10265 ||| INVOKING Berserk.
 10265 | D:10     | HP: 24/126 [Nergalle/bolt of negative energy (27)]
 10265 | D:10     | HP: 2/126 [spectral orc knight/+0 great mace[Nergalle]
                  | (22)]
 10265 | D:10     | Mangled by a spectral orc knight

Levels and vault maps discovered:
D:1:      dpeg_arrival_lava_altar, layout_loops_ring,
          shapermc_ecumenical_altar_acropolis
D:2:      minmay_spotlight, layout_loops_ring, uniq_sigmund, uniq_robin
D:3:      layout_rooms, marbit_many_paths, mainiacjoe_overflow_catch_the_wave,
          chequers_garden, st_stairs_9
D:4:      layout_gridville, serial_shops, shop, kennysheep_mini,
          kennysheep_little_box, shop, uniq_grinder
D:5:      layout_gridville, mainiacjoe_overflow_paths, kennysheep_generic_room_3
D:6:      layout_cave_pools
D:7:      layout_loops_ring, lemuel_coloured_pillars_altar,
          minmay_temple_entry_junction
D:8:      layout_loops_cross, mainiacjoe_overflow_chevrons, ebering_ghost_xom,
          uniq_prince_ribbit1
D:9:      layout_rooms, mainiacjoe_overflow_six_doors_small,
          gammafunk_ghost_wrathful_warriors
D:10:     wander_kiku_kobolds, layout_loops_ring, lair_entry_dummy, uniq_harold,
          uniq_nergalle

Skill      XL: |  1  2  3  4  5  6  7  8  9 10 |
---------------+-------------------------------+-----
Axes           | 4 5 7 8 9 10 12 13 15 | 15.0
Fighting       | 4 6 8 |  8.7
Armour         | 3 4 6 7 |  7.8
Throwing       | 1 |  1.1
Shields        | 4 6 8 |  8.1
Dodging        | |  2.1

Action                   |  1- 3 |  4- 6 |  7- 9 | 10-12 || total
-------------------------+-------+-------+-------+-------++-------
Melee: Hand axe          |   126 |    70 |   113 |       ||   309
       Headbutt          |    13 |    10 |    45 |    20 ||    88
       Punch             |       |     2 |       |       ||     2
       War axe           |       |       |    56 |       ||    56
       Broad axe         |       |       |   102 |   139 ||   241
Throw: Boomerang         |       |    20 |    81 |     3 ||   104
Invok: Berserk           |     1 |     2 |     7 |     4 ||    14
       Trog's Hand       |       |     1 |       |       ||     1
  Use: Scroll            |     3 |     6 |    17 |     1 ||    27
       Potion            |       |     2 |     6 |       ||     8
 Stab: Distracted        |     1 |       |       |     2 ||     3
Armor: Animal skin       |    16 |       |       |       ||    16
       Leather armour    |    15 |     3 |       |       ||    18
       Ring mail         |       |     8 |     4 |       ||    12
       Chain mail        |       |       |    44 |       ||    44
       Plate armour      |       |       |    60 |    31 ||    91
Dodge: Dodged            |    49 |    20 |   121 |    47 ||   237
       Repelled          |       |       |     4 |       ||     4
Block: Buckler           |       |       |    33 |    12 ||    45
       Kite shield       |       |       |       |     8 ||     8

Table legend:
 A = Non-vault XP
 B = Vault XP
 C = Vault XP percentage of total XP
 D = Non-vault monster count
 E = Vault monster count
 F = Vault count percentage of total count
                 A         B        C        D         E       F
            +---------+---------+-------+---------+---------+-------
      Total |    7676 |    2965 |  27.9 |     182 |      71 |  28.1
            +---------+---------+-------+---------+---------+-------
        D:1 |      45 |       0 |   0.0 |      28 |       0 |   0.0
        D:2 |      31 |     282 |  90.1 |      18 |      17 |  48.6
        D:3 |     217 |       3 |   1.4 |      16 |       2 |  11.1
        D:4 |     154 |     286 |  65.0 |      23 |       1 |   4.2
        D:5 |     851 |       3 |   0.4 |      22 |       1 |   4.3
        D:6 |     241 |       0 |   0.0 |       8 |       0 |   0.0
        D:7 |     479 |       0 |   0.0 |      12 |       0 |   0.0
        D:8 |     876 |     264 |  23.2 |      13 |       1 |   7.1
        D:9 |    1365 |       0 |   0.0 |      14 |       0 |   0.0
       D:10 |    3417 |    2127 |  38.4 |      28 |      49 |  63.6
            +---------+---------+-------+---------+---------+-------
